 Dungeon Crawl Stone Soup version 0.31-a0-934-gf4fcaacff8 (webtiles) character file.

Game seed: 10962425710625917526

2267 BinkBink the Fighter (level 9, 0/102 HPs)
             Began as an Ogre Berserker on Oct 20, 2023.
             Was a Priest of Trog.
             Slain by a boulder beetle (24 damage)
             ... on level 7 of the Dungeon.
             The game lasted 00:14:43 (7225 turns).

BinkBink the Fighter (Ogre Berserker)               Turns: 7225, Time: 00:14:44

Health: 0/102      AC:  4    Str: 27    XL:     9   Next: 38%
Magic:  9/9        EV: 10    Int:  8    God:    Trog [***...]
Gold:   380        SH:  0    Dex:  8    Spells: 8/8 levels left

rFire   . . .        y - +4 dire flail (heavy)
rCold   . . .        (shield currently unavailable)
rNeg    . . .        l - +0 steam dragon scales
rPois   .            n - +2 hat
rElec   .            (no cloak)
rCorr   .            (gloves unavailable)
SInv    .            (boots unavailable)
Will    .....        c - amulet of regeneration
Stlth   +            (no ring)
HPRegen 1.17/turn    (no ring)
MPRegen 0.11/turn

%: no passive effects
@: corroded
A: large, unfitting armour, tough skin 1
a: Renounce Religion, Berserk, Trog's Hand


You were on level 7 of the Dungeon.
You worshipped Trog.
Trog was most pleased with you.
You visited 1 branch of the dungeon, and saw 7 of its levels.
You also visited: Sewer.

You collected 380 gold pieces.

Inventory:

Hand Weapons
 a - a +0 mace
 o - a +0 whip of freezing
 x - a +0 giant club
 y - a +4 heavy dire flail (weapon)
Armour
 l - +0 steam dragon scales (worn)
 m - the +0 robe of Lugonu's Condemnation {Rampage rElec Dex-5}
   (You found it on level 6 of the Dungeon)

   Dex-5:     It affects your dexterity (-5).
   rElec:     It insulates you from electricity.
   Rampage:   It bestows one free step when moving towards enemies.
 n - a +2 hat (worn)
Jewellery
 c - an amulet of regeneration (around neck)
 f - an amulet of guardian spirit
 p - a ring of ice
Wands
 h - a wand of charming (6)
 j - a wand of flame (28)
Scrolls
 e - 2 scrolls of blinking
 q - a scroll of fog
 r - a scroll of revelation
 z - 2 scrolls of teleportation
 B - a scroll of vulnerability
Potions
 b - a potion of haste
 d - 2 potions of curing
 g - a potion of brilliance
 i - a potion of heal wounds
 k - a potion of lignification {unknown}
 s - 2 potions of resistance
 t - 2 potions of enlightenment
 u - a potion of berserk rage {unknown}
 v - a potion of mutation {unknown}
 w - a potion of ambrosia {unknown}
 A - a potion of might {unknown}


   Skills:
 * Level 10.8 Fighting
 * Level 7.6 Maces & Flails
 + Level 5.6 Dodging


You had 8 spell levels left.
You didn't know any spells.
Your spell library was empty.

Dungeon Overview and Level Annotations

Branches:
Dungeon (7/15)             Temple (0/1) D:7           Sewer (visited)

Altars:
Nemelex Xobeh
Qazlal

Shops:
D:1 [

Annotations:
D:3 1 runed translucent door, Drangen's ghost, amateur SpHu
D:7 3 runed translucent doors


Innate Abilities, Weirdness & Mutations

You are too large for most types of armour.
You have tough skin. (AC +1)


Message History

The howler monkey howls!
The black bear growls angrily.
The white imp disappears for a moment.
The white imp puffs mist at you.
There is an open door here.
You open the door.
The white imp grinds its teeth.
There is an open door here.
An acid dragon, a boulder beetle and a bullfrog come into view.
The acid dragon roars!
The bullfrog gives a loud, deep croak!
There are monsters nearby!
The acid dragon spits acid at you. The splash of acid hits you!!
The acid corrodes you!
The boulder beetle curls into a ball and begins rolling!
The bullfrog releases a deep croak.
There is an open door here.
You closely miss the bullfrog.
The bullfrog hits you but does no damage.
The bullfrog barely misses you.
You barely miss the bullfrog.
The bullfrog hits you but does no damage. x2
You barely miss the bullfrog. The bullfrog hits you.
The boulder beetle stops rolling and uncurls.
The bullfrog hits you!
You puncture the boulder beetle!
The boulder beetle is moderately wounded.
You hit the boulder beetle.
The boulder beetle is moderately wounded.
The boulder beetle bites you!! The boulder beetle barely misses you.
You bludgeon the boulder beetle!!
The boulder beetle is heavily wounded.
The boulder beetle bites you but does no damage.
You puncture the boulder beetle!
The boulder beetle is severely wounded.
The boulder beetle bites you!
You hit the boulder beetle.
The boulder beetle is severely wounded.
The boulder beetle bites you!!
* * * LOW HITPOINT WARNING * * *
The boulder beetle bites you!!
You die...

...# ...###
##...####
###....###
####...###
###...###
###...######
#.###......######
#.#.D###.@[.......
###....###B#.#####
.......B.○F#.####
###..°°###......#
#.#..####'.#.##.#
#!# ##.#.#.# #
#.##.... #
#####+##..^## ###
##ODS5##...#


You could see a boulder beetle and a bullfrog.

Vanquished Creatures
  Prince Ribbit (D:7)
  A steam dragon (D:6)
  Edmund (D:5)
  A water moccasin (D:6)
  A sky beast (D:6)
  Pargi (D:3)
  An ogre (D:7)
  2 centaurs
  2 phantoms
  Blork the orc (D:5)
  5 scorpions
  5 killer bees (D:7)
  A jelly (D:6)
  An orc priest (D:5)
  4 hounds
  A sleepcap (D:3)
  Natasha (thrice) (D:3)
  3 iguanas
  An orc wizard (D:7)
  A hell rat (Sewer)
  4 gnolls
  An adder (D:3)
  A river rat (Sewer)
  A white imp (D:7)
  3 worms (D:5)
  2 dart slugs (D:1)
  12 orcs
  4 endoplasms
  6 giant cockroaches
  6 goblins
  6 hobgoblins
  3 jackals (D:2)
  9 quokkas
  7 ball pythons
  10 bats
  5 frilled lizards
  9 kobolds
  10 rats
136 creatures vanquished.

Notes
Turn   | Place    | Note
-------+----------+-------------------------------------------
     0 | D:1      | BinkBink the Ogre Berserker began the quest for the Orb.
     0 | D:1      | Reached XP level 1. HP: 24/24 MP: 1/1
     2 | D:1      | Noticed a spriggan
     9 | D:1      | Noticed an elf
    11 | D:1      | Noticed a tengu
    11 | D:1      | Noticed a tengu
    13 | D:1      | Noticed a merfolk
    17 | D:1      | Noticed an elf
    51 | D:1      | Reached XP level 2. HP: 26/32 MP: 2/2
   107 | D:1      | Found a faded altar of an unknown god.
   220 | D:1      | Found Oteil's Armour Shop.
   372 | D:1      | Reached XP level 3. HP: 40/40 MP: 3/3
   404 | D:1      | Reached ** piety under Trog
   898 | D:2      | Reached skill level 5 in Fighting
   898 | D:2      | Reached XP level 4. HP: 46/50 MP: 4/4
  1178 | D:3      | Noticed Pargi
  1190 | D:3      | Killed Pargi
  1191 | D:3      | Reached XP level 5. HP: 59/59 MP: 5/5
  1411 | D:3      | Noticed Drangen's ghost (amateur SpHu)
  1451 | D:3      | Noticed Natasha
  1469 | D:3      | Reached skill level 6 in Fighting
  1474 | D:3      | Killed Natasha
  1475 | D:3      | Reached XP level 6. HP: 50/67 MP: 6/6
  1523 | D:3      | Found a runed translucent door.
  1525 | D:3      | Noticed Natasha
  1532 | D:3      | Killed Natasha
  1551 | D:3      | Noticed Natasha
  1560 | D:3      | Killed Natasha
  2147 | D:3      | Reached skill level 7 in Fighting
  2217 | D:3      | Reached XP level 7. HP: 63/78 MP: 7/7
  2795 | D:4      | Reached skill level 5 in Maces & Flails
  3170 | D:5      | Entered Level 5 of the Dungeon
  3397 | D:5      | Reached *** piety under Trog
  3568 | D:5      | Found a glowing drain.
  3572 | Sewer    | Entered a sewer
  4496 | D:5      | Found a sparkling altar of Nemelex Xobeh.
  4536 | D:5      | Reached skill level 8 in Fighting
  4690 | D:5      | Found a stormy altar of Qazlal.
  4925 | D:5      | Reached XP level 8. HP: 55/89 MP: 8/8
  4996 | D:5      | Noticed Blork the orc
  5042 | D:5      | Noticed Edmund
  5063 | D:5      | Killed Edmund
  5236 | D:5      | Killed Blork the orc
  6175 | D:6      | Reached skill level 9 in Fighting
  6199 | D:6      | Reached skill level 5 in Dodging
  6391 | D:6      | Identified the +0 robe of Lugonu's Condemnation {Rampage
                  | rElec Dex-5}
  6530 | D:6      | Reached skill level 10 in Fighting
  6573 | D:6      | Identified the staff "Xointe" {rElec rPois rF+ Stlth- Air}
  6702 | D:7      | Found a staircase to the Ecumenical Temple.
  6715 | D:7      | Reached XP level 9. HP: 101/101 MP: 9/9
  6761 | D:7      | Noticed Prince Ribbit
  6765 | D:7      | Killed Prince Ribbit
  7203 | D:7      | Found a runed translucent door.
  7203 | D:7      | Noticed a two-headed ogre
  7204 | D:7      | Found a runed translucent door.
  7204 | D:7      | Noticed a troll
  7205 | D:7      | Found a runed translucent door.
  7212 | D:7      | Noticed a boulder beetle
  7225 | D:7      | Slain by a boulder beetle

Illustrated notes

Levels and vault maps discovered:
D:1:      shiori_arrival_whats_in_store_for_you, layout_loops_ring,
          serial_shops, shop, ebering_ecumenical_altar_rust, minmay_liquid_box,
          st_stairs_10, minmay_heptomino_w4
D:2:      layout_rooms
D:3:      layout_basic, hellmonk_ghost_happy_afterlife, kennysheep_potato,
          uniq_natasha, uniq_pargi
D:4:      cheibrodos_quashed, layout_rooms, serial_corexii_hall,
          chequers_hall_statues_y, chequers_hall_statues_wall_a,
          corexii_hall_statues_x, corexii_hall_statues_u, minivault_4
D:5:      layout_layer_cave, mainiacjoe_overflow_large_starburst,
          gup_sewer_entry_spiral, corexii_checkpoint_b, uniq_blork_the_orc,
          uniq_edmund
D:6:      layout_cave_pools, minivault_10
D:7:      minmay_the_grid_triangle_9x9_rhombus_thin
          [minmay_the_grid_triangle_9x9_intruding_spiral,
          minmay_the_grid_triangle_9x9_prize_center,
          minmay_the_grid_triangle_9x9_fully_insulated_deathbox,
          minmay_the_grid_triangle_9x9_warning], layout_loops_cross,
          minmay_temple_entry_tees, minmay_hedge_maze, uniq_prince_ribbit1

Skill      XL: |  1  2  3  4  5  6  7  8 |
---------------+-------------------------+-----
Maces & Flails | 3 4 5 7 |  7.6
Dodging        | 3 4 5 |  5.6
Fighting       | 5 6 7 8 10 | 10.8

Action                     |  1- 3 |  4- 6 |  7- 9 || total
---------------------------+-------+-------+-------++-------
  Melee: Mace              |   127 |   105 |   227 ||   459
         Punch             |       |     3 |     4 ||     7
         Dire flail        |       |       |    88 ||    88
 Invoke: Berserk           |       |     2 |     3 ||     5
         Trog's Hand       |       |     2 |     2 ||     4
  Evoke: Wand              |       |       |     1 ||     1
    Use: Potion            |     2 |       |    10 ||    12
         Scroll            |       |     4 |    12 ||    16
   Stab: Sleeping          |       |     1 |     1 ||     2
 Armour: Animal skin       |   129 |   107 |   191 ||   427
         Steam dragon scal |       |       |   129 ||   129
  Dodge: Dodged            |   107 |    73 |   211 ||   391

Table legend: (Time is in decaauts)
 A = Elapsed time spent in this place.
 B = Non-inter-level travel time spent in this place.
 C = Inter-level travel time spent in this place.
 D = Time resting spent in this place.
 E = Time spent auto-exploring this place.
 F = Levels seen in this place.
 G = Mean time per level.
                   A        B        C        D        E       F      G
               +--------+--------+--------+--------+--------+-----+--------+
         Total |   7407 |   7203 |    204 |   1996 |   3567 |   8 |  925.9 |
       Dungeon |   6572 |   6368 |    204 |   1262 |   3541 |   7 |  938.9 |
         Sewer |    835 |    835 |      0 |    734 |     26 |   1 |  835.0 |
               +--------+--------+--------+--------+--------+-----+--------+

Top non-repeatable levels by time:
     D:5: 2142 daAuts
     D:3: 992 daAuts
     D:4: 861 daAuts
   Sewer: 835 daAuts
     D:1: 724 daAuts
     D:2: 683 daAuts
     D:6: 620 daAuts
     D:7: 546 daAuts
